 Dungeon Crawl Stone Soup version 0.20.1-1-g8b1a95d (webtiles) character file.

5953 Gelerth the Thaumaturge (level 10, -27/53 HPs)
             Began as a Deep Elf Conjurer on July 26, 2017.
             Was a Priest of Vehumet.
             Annihilated by an ettin
             ... wielding a +0 dire flail
              (28 damage)
             ... on level 9 of the Dungeon on July 27, 2017.
             The game lasted 02:22:31 (11256 turns).

Gelerth the Thaumaturge (Deep Elf Conjurer)        Turns: 11256, Time: 02:22:32

Health: -27/53     AC: 12    Str:  7    XL:     10   Next: 54%
Magic:  0/30       EV: 15    Int: 22    God:    Vehumet [***...]
Gold:   517        SH:  0    Dex: 16    Spells: 5/32 levels left

rFire    . . .     SeeInvis .   G - staff of energy
rCold    . . .     Gourm    .   (no shield)
rNeg     . . .     Faith    .   a - +2 robe
rPois    .         Spirit   +   A - +0 helmet
rElec    .         Reflect  .   F - +0 cloak
rCorr    .         Harm     .   o - +2 pair of gloves {Dex+3}
MR       ++...                  B - +2 pair of boots
Stlth    +++.......             s - amulet of guardian spirit
Regen    0.2/turn               (no ring)
MPRegen  0.3/turn               (no ring)

@: no status effects
A: clumsy 1, high mp 1, magic resistance 1, wild magic 1
a: Renounce Religion


You were on level 9 of the Dungeon.
You worshipped Vehumet.
Vehumet was most pleased with you.
You were not hungry.

You visited 2 branches of the dungeon, and saw 10 of its levels.
You also visited: Sewer and Ossuary.

You collected 517 gold pieces.

Inventory:

Hand Weapons
 v - a +0 short sword
 E - a +5 quarterstaff of chaos
Armour
 a - a +2 robe (worn)
 o - a +2 pair of gloves of dexterity (worn)
 A - a +0 helmet (worn)
 B - a +2 pair of boots (worn)
 F - a +0 cloak (worn)
Magical Staves
 G - an uncursed staff of energy (weapon)
Jewellery
 s - an amulet of guardian spirit (around neck)
Wands
 f - a wand of digging (13/24)
 n - a wand of scattershot (3/9)
 t - a wand of iceblast (0/15)
 w - a wand of flame (26/48)
 J - a wand of flame (6/48)
Scrolls
 d - 5 scrolls of remove curse
 e - 2 scrolls of fear
 i - a scroll of fog
 l - 6 scrolls of teleportation
 p - a scroll of magic mapping
 D - a scroll of amnesia {unknown}
 L - 2 scrolls of immolation {unknown}
Potions
 g - 6 potions of curing
 h - 2 potions of invisibility
 k - a potion of magic
 m - 2 potions of might {unknown}
 q - 3 potions of flight
 r - 2 potions of lignification {unknown}
 u - 2 potions of heal wounds {unknown}
 z - 4 potions of berserk rage
 H - a potion of brilliance {unknown}
 K - 2 potions of agility
Books
 b - a book of Conjurations

   Spells                             Type                      Level
   a - Magic Dart                     Conjuration                  1
   b - Searing Ray                    Conjuration                  2
   c - Dazzling Spray                 Conjuration/Hexes            3
   d - Fulminant Prism                Conjuration/Hexes            4
   e - Force Lance                    Conjuration/Translocation    4
   f - Iskenderun's Mystic Blast      Conjuration                  4
 j - a book of Necromancy

   Spells                             Type                      Level
   a - Pain                           Necromancy                   1
   b - Animate Skeleton               Necromancy                   1
   c - Vampiric Draining              Necromancy                   3
   d - Regeneration                   Charms/Necromancy            3
   e - Animate Dead                   Necromancy                   4
   f - Control Undead                 Necromancy                   4
 y - a book of Cantrips

   Spells                             Type                      Level
   a - Confusing Touch                Hexes                        1
   b - Animate Skeleton               Necromancy                   1
   c - Summon Small Mammal            Summoning                    1
   d - Apportation                    Translocation                1
 C - a book of Maledictions

   Spells                             Type                      Level
   a - Corona                         Hexes                        1
   b - Ensorcelled Hibernation        Hexes/Ice                    2
   c - Confuse                        Hexes                        3
   d - Tukima's Dance                 Hexes                        3
   e - Dazzling Spray                 Conjuration/Hexes            3
Comestibles
 c - 2 bread rations
 x - a royal jelly
 I - a meat ration


   Skills:
 + Level 2.1 Fighting
 + Level 1.5 Short Blades
 + Level 4.4 Dodging
 + Level 5.1 Stealth
 + Level 11.7 Spellcasting
 + Level 11.4 Conjurations
 + Level 6.4 Hexes
 + Level 1.4 Translocations
 * Level 4.1 Fire Magic
 + Level 1.0 Evocations


You had 5 spell levels left.
You knew the following spells:

 Your Spells              Type           Power        Failure   Level  Hunger
a - Force Lance           Conj/Tloc      ######..     1%          4    None
d - Fulminant Prism       Conj/Hex       ######....   1%          4    None
e - Searing Ray           Conj           ######       1%          2    None
f - Tukima's Dance        Hex            ######..     2%          3    None
q - Magic Dart            Conj           ####         1%          1    None
r - Dazzling Spray        Conj/Hex       ######       1%          3    None
s - Iskenderun's Mystic   Conj           ######..     1%          4    None
t - Throw Flame           Conj/Fire      ######       1%          2    None
w - Flame Tongue          Conj/Fire      #####        1%          1    None
z - Confuse               Hex            ######..     2%          3    None


Dungeon Overview and Level Annotations

Branches:
Dungeon (9/15)               Lair (0/6) D:9             Orc (1/2) D:9
 Temple: D:4-7

Altars:
Cheibriados
Gozag
Makhleb
Okawaru
Uskayaw
Vehumet
Yredelemnul

Annotations:
Orc:1 hurdos's ghost, journeyman HOMo


Innate Abilities, Weirdness & Mutations

You are clumsy. (Dex -2)
You have an increased reservoir of magic. (+10% MP)
You are resistant to hostile enchantments. (MR+)
Your spells are a little harder to cast, but a little more powerful.


Message History

There is a staircase back to the Dungeon here.
Hurdos's ghost hits you but does no damage.
The ettin wields a dire flail.
The ettin hits you with a dire flail!!
Ouch! That really hurt!
* * * LOW HITPOINT WARNING * * *
The ettin hits you with a dire flail.
* * * LOW HITPOINT WARNING * * *
You climb upwards.
Welcome back to the Dungeon!
There is a staircase to the Orcish Mines here.
You feel better. The ettin hits you with a dire flail!
* * * LOW HITPOINT WARNING * * *
The ettin barely misses you.
Casting: Force Lance
Confirm with . or Enter, or press ? or * to list all spells.
You don't have enough magic to cast that spell.
You feel better. The ettin hits you with a dire flail!
* * * LOW HITPOINT WARNING * * *
The ettin hits you with a dire flail!!
Ouch! That really hurt!
You die...

** ,* ,* * ,**
**####### ****** *,**
*,,.....### *** *,,,,,
**,** *,**#.....#
**,** *,**** **,*
*,*##.#.#.####...***,*
** **,**
*,*#...C@........,,,,*
*, *,**
*,*#.>....####..,*****
*, ,** *,*#....#.#
**,** *, ,*
#.###.#.#.# *,* *,
,*** #.........# *,*
*, ,,,* #####.#####
##+## *, **,* #.....#
##...## *, **,*
#.....# ##.....## *,
**,* #.....#
##.......## *,


You could see an ettin.

Vanquished Creatures
  Pikel (D:5)
  4 gargoyles
  A dancing weapon (Orc:1)
  2 wraiths
  Menkaure (D:6)
  Edmund (D:4)
  3 wargs (D:9)
  2 sky beasts
  4 ogres
  2 ice beasts (D:7)
  An orc warrior (D:6)
  A phantom (D:6)
  A centaur (D:6)
  A big kobold (Sewer)
  4 bullfrogs
  2 scorpions
  3 wights (D:6)
  6 crimson imps
  A centaur zombie (D:8)
  A quasit (D:5)
  An orc priest (D:7)
  Crazy Yiuf (D:5)
  2 gnoll shamans
  4 hounds
  A bullfrog skeleton (D:8)
  2 centaur skeletons (D:9)
  2 iguanas
  9 orc wizards
  2 worker ants
  2 killer bee zombies (D:6)
  A hound skeleton (D:4)
  A mummy (Ossuary)
  A howler monkey zombie (D:5)
  10 gnolls
  14 adders
  A river rat (Sewer)
  3 shadow imps
  An ooze (Sewer)
  An adder zombie (D:6)
  3 adder skeletons
  5 worms
  4 leopard geckos
  20 orcs
  A ball python (D:1)
  5 bats
  8 giant cockroaches
  9 goblins
  3 hobgoblins
  7 jackals
  4 quokkas
  5 frilled lizards
  9 gnoll skeletons (Ossuary)
  2 jackal skeletons
  13 kobolds
  5 kobold skeletons (Ossuary)
  A leopard gecko skeleton (D:5)
  A leopard gecko zombie (D:5)
  11 orc skeletons (Ossuary)
  5 rats
  A fulminant prism (D:6)
223 creatures vanquished.

Vanquished Creatures (collateral kills)
  2 gargoyles (D:9)
  An orc warrior (D:7)
  An orc (D:6)
4 creatures vanquished.

Vanquished Creatures (others)
  A dancing weapon (D:6)
  A slave (D:6)
  40 fulminant prisms
42 creatures vanquished.

Grand Total: 269 creatures vanquished

Notes
Turn   | Place    | Note
-------+----------+-------------------------------------------
     0 | D:1      | Gelerth the Deep Elf Conjurer began the quest for the Orb.
     0 | D:1      | Reached XP level 1. HP: 10/10 MP: 6/6
   594 | D:1      | Reached XP level 2. HP: 15/15 MP: 6/8
   764 | D:1      | Reached skill level 5 in Conjurations
  1043 | D:2      | Reached XP level 3. HP: 19/19 MP: 1/9
  1239 | D:2      | Learned a level 2 spell: Searing Ray
  1243 | D:2      | Learned a level 3 spell: Dazzling Spray
  1747 | D:3      | Reached XP level 4. HP: 21/24 MP: 2/11
  1999 | D:3      | Learned a level 4 spell: Iskenderun's Mystic Blast
  2651 | D:4      | Noticed an ogre
  2904 | D:4      | Found a glowing drain.
  3039 | D:4      | Noticed an ogre
  3051 | D:4      | Killed an ogre
  3051 | D:4      | Reached XP level 5. HP: 24/28 MP: 4/13
  3076 | Sewer    | Entered a sewer
  3338 | Sewer    | Reached skill level 1 in Hexes
  3503 | Sewer    | Reached XP level 6. HP: 32/32 MP: 3/15
  3958 | Sewer    | Learned a level 4 spell: Fulminant Prism
  4136 | D:4      | Reached skill level 1 in Short Blades
  4136 | D:4      | Reached skill level 5 in Spellcasting
  4503 | D:4      | Reached XP level 7. HP: 25/37 MP: 3/17
  4931 | D:5      | Entered Level 5 of the Dungeon
  4931 | D:5      | Noticed Edmund
  4971 | D:4      | Killed Edmund
  4971 | D:4      | Reached skill level 1 in Fighting
  5472 | D:5      | Found an iron altar of Okawaru.
  5474 | D:5      | Found a burning altar of Makhleb.
  5478 | D:5      | Found a radiant altar of Vehumet.
  5483 | D:5      | Found a hide-covered altar of Uskayaw.
  5489 | D:5      | Became a worshipper of Vehumet
  6145 | D:5      | Found a runed door.
  6149 | D:5      | Noticed Crazy Yiuf
  6156 | D:5      | Killed Crazy Yiuf
  6463 | D:5      | Reached XP level 8. HP: 43/43 MP: 2/19
  6608 | D:5      | Learned a level 4 spell: Force Lance
  6669 | D:6      | Noticed Pikel
  6777 | D:5      | Killed Pikel
  6777 | D:5      | Reached * piety under Vehumet
  6777 | D:5      | Offered knowledge of Flame Tongue by Vehumet.
  6780 | D:5      | Learned a level 1 spell: Flame Tongue
  6937 | D:6      | Learned a level 3 spell: Tukima's Dance
  7182 | D:6      | Noticed Menkaure
  7193 | D:6      | Killed Menkaure
  7515 | D:6      | Reached XP level 9. HP: 47/47 MP: 15/23
  7519 | D:6      | Found a basalt altar of Yredelemnul.
  7612 | D:6      | Reached skill level 10 in Conjurations
  8505 | D:7      | Found an opulent altar of Gozag.
  8775 | D:7      | Found a sand-covered staircase.
  8793 | D:7      | Gained mutation: Your muscles are strong. (Str +2) [mutagenic meat]
  8795 | D:7      | Gained mutation: You are covered in fur. (AC +1) [mutagenic meat]
  8796 | D:7      | Lost mutation: Your muscles are strong. (Str +2) [mutagenic meat]
  8797 | D:7      | Gained mutation: You expend magic power (3 MP) to strengthen your wands. [mutagenic meat]
  8862 | Ossuary  | Entered an ossuary
  8896 | Ossuary  | Lost mutation: You are covered in fur. (AC +1) [potion of mutation]
  8896 | Ossuary  | Lost mutation: You expend magic power (3 MP) to strengthen your wands. [potion of mutation]
  8896 | Ossuary  | Gained mutation: You are frail. (-10% HP) [potion of mutation]
  8896 | Ossuary  | Gained mutation: You have sharp toenails. [potion of mutation]
  8896 | Ossuary  | Gained mutation: You have an increased reservoir of magic. (+10% MP) [potion of mutation]
  8972 | Ossuary  | Reached ** piety under Vehumet
  8972 | Ossuary  | Reached skill level 5 in Hexes
  8994 | Ossuary  | Lost mutation: You have sharp toenails. [potion of mutation]
  8994 | Ossuary  | Lost mutation: You are frail. (-10% HP) [potion of mutation]
  8994 | Ossuary  | Gained mutation: You are clumsy. (Dex -2) [potion of mutation]
  8994 | Ossuary  | Gained mutation: You are resistant to hostile enchantments. (MR+) [potion of mutation]
  9005 | Ossuary  | Offered knowledge of Sting by Vehumet.
  9293 | D:7      | Reached skill level 1 in Fire Magic
  9466 | D:7      | Reached skill level 10 in Spellcasting
  9609 | D:8      | Offered knowledge of Throw Flame by Vehumet.
  9613 | D:8      | Learned a level 2 spell: Throw Flame
  9704 | D:8      | Noticed a gargoyle
  9709 | D:8      | Killed a gargoyle
 10251 | D:8      | Learned a level 3 spell: Confuse
 10337 | D:8      | Found a snail-covered altar of Cheibriados.
 10612 | D:9      | Found a staircase to the Lair.
 10619 | D:9      | Reached XP level 10. HP: 53/53 MP: 19/29
 10638 | D:9      | Reached *** piety under Vehumet
 10694 | D:9      | Gained mutation: Your spells are a little harder to cast, but a little more powerful. [mutagenic meat]
 10821 | D:9      | Noticed a gargoyle
 10828 | D:9      | Killed a gargoyle
 10828 | D:9      | Reached skill level 1 in Evocations
 10830 | D:9      | Noticed a gargoyle
 10831 | D:9      | Noticed a gargoyle
 10831 | D:9      | Killed a gargoyle
 10832 | D:9      | Noticed a gargoyle
 10832 | D:9      | Noticed a gargoyle
 10835 | D:9      | Killed a gargoyle
 10835 | D:9      | Reached skill level 5 in Stealth
 10835 | D:9      | Reached skill level 1 in Translocations
 10841 | D:9      | Killed a gargoyle
 10842 | D:9      | Killed a gargoyle
 11121 | D:9      | Found a staircase to the Orcish Mines.
 11149 | Orc:1    | Entered Level 1 of the Orcish Mines
 11212 | Orc:1    | Noticed an ettin
 11212 | Orc:1    | Noticed hurdos's ghost (journeyman HOMo)
 11256 | D:9      | HP: 1/53 [ettin/dire flail (15)]
 11256 | D:9      | Annihilated by an ettin

Skill      XL: |  1  2  3  4  5  6  7  8  9 10 |
---------------+-------------------------------+-----
Conjurations   | 5 6 7 8 9 11 | 11.4
Spellcasting   | 4 5 6 8 10 11 | 11.7
Stealth        | 3 4 5 |  5.1
Dodging        | 3 4 |  4.4
Hexes          | 1 2 4 5 6 |  6.4
Short Blades   | 1 |  1.5
Fighting       | 1 2 |  2.1
Fire Magic     | 2 4 |  4.1
Evocations     | 1 |  1.0
Translocations | 1 |  1.4

Action                   |  1- 3 |  4- 6 |  7- 9 | 10-12 || total
-------------------------+-------+-------+-------+-------++-------
Melee: Dagger            |     1 |    36 |       |       ||    37
       Short sword       |       |     8 |       |       ||     8
       Quarterstaff      |       |       |    31 |       ||    31
       Staff             |       |       |     8 |     4 ||    12
 Cast: Magic Dart        |    40 |    45 |    58 |     4 ||   147
       Dazzling Spray    |     5 |    12 |    26 |       ||    43
       Searing Ray       |     3 |    14 |    21 |     1 ||    39
       Iskenderun's Myst |       |    12 |    50 |     8 ||    70
       Fulminant Prism   |       |     5 |    32 |     6 ||    43
       Flame Tongue      |       |       |    37 |    15 ||    52
       Force Lance       |       |       |    16 |     4 ||    20
       Tukima's Dance    |       |       |     8 |     5 ||    13
       Throw Flame       |       |       |     4 |     3 ||     7
       Confuse           |       |       |     3 |     1 ||     4
Evoke: Wand              |       |       |     6 |     4 ||    10
       Staff of energy   |       |       |     2 |       ||     2
  Use: Scroll            |     2 |     5 |    19 |     2 ||    28
       Potion            |       |     3 |     7 |     3 ||    13
 Stab: Sleeping          |     1 |     1 |       |       ||     2
  Eat: Meat ration       |     1 |       |     3 |       ||     4
       Royal jelly       |       |     3 |       |       ||     3
       Bread ration      |       |     1 |     2 |       ||     3
       Fruit             |       |       |     2 |       ||     2
       Chunk             |       |       |     5 |     2 ||     7
Armor: Robe              |     1 |    14 |    31 |    13 ||    59
Dodge: Dodged            |     4 |    72 |   101 |    16 ||   193
